 Dungeon Crawl Stone Soup version bcrawl-1.37.2 (webtiles) character file.

Game seed: 7622941025614364054

158778 Mehrunes the Reanimator (level 6, -1/32 HPs)
             Began as a Skeleton Necromancer on Oct 25, 2022.
             Slain by an ogre
             ... wielding a +0 giant spiked club
              (9 damage)
             ... on level 4 of the Dungeon.
             The game lasted 00:09:25 (3956 turns).

Mehrunes the Reanimator (Skeleton Necromancer)      Turns: 3956, Time: 00:09:26

Health: -1/32      AC:  8    Str: 15 (16) XL:     6   Next: 48%
Magic:  0/19       EV:  8    Int: 13 (14) God:
Gold:   264        SH:  0    Dex: 13 (14) Spells: 2/11 levels left

rFire    . . .     GDR:     25% n - +0 war axe
rCold    + . .     SeeInvis .   (no shield)
rNeg     + + +     Gourm    +   c - +0 chain mail
rPois    ∞         Faith    .   (no helmet)
rElec    .         Spirit   +   (no cloak)
rCorr    .         Reflect  .   (no gloves)
MR       .....                  (no boots)
Stlth    ..........             l - amulet of the gourmand
HPRegen  0.15/turn              d - +5 ring of dexterity
MPRegen  0.16/turn              f - ring of magical power

@: no status effects
A: no food or potions, cold resistance 1, deterioration 1, negative energy
resistance 3, powered by death 1, torment resistance, unbreathing, magic shield,
sturdy frame 1, spell healing
a: no special abilities


You were on level 4 of the Dungeon.
You were not hungry.

You visited 1 branch of the dungeon, and saw 5 of its levels.
You also visited: Ossuary.

You collected 264 gold pieces.

Inventory:

Hand Weapons
 a - a +0 dagger of pain
 n - a +0 war axe (weapon)
Armour
 b - a +0 robe
 c - a +0 chain mail (worn)
 h - a -2 scale mail
 j - a +0 robe of the Archmagi
Jewellery
 d - a +5 ring of dexterity (left hand)
 f - a ring of magical power (right hand)
 l - an amulet of the gourmand (around neck)
Wands
 g - a wand of polymorph (8)
Scrolls
 e - a scroll of teleportation
 i - a scroll of identify
 k - a scroll of noise
 m - a scroll of amnesia {unknown}


   Skills:
 + Level 2.1 Axes
 - Level 0.5 Armour
 - Level 2.0 Dodging
 - Level 2.4 Stealth
 - Level 3.0 Spellcasting
 + Level 8.3 Necromancy


You had 2 spell levels left.
You knew the following spells:

 Your Spells              Type           Power        Failure   Level  Hunger
a - Necrotize             Necr           ###...       9%          1    N/A
b - Vampiric Draining     Necr           ###.......   26%         3    N/A
c - Dispel Undead         Necr           ###.....     93%         5    N/A

Your spell library contained the following spells:

 Spells                   Type           Power        Failure   Level  Hunger
 Agony                    Necr           ###.....     63%         4    N/A
 Animate Dead             Necr           N/A          63%         4    N/A

Dungeon Overview and Level Annotations

Branches:
Dungeon (5/12)
 Temple: D:4-7

Altars:

Annotations:
D:3 1 runed translucent door, yrara's ghost, amateur DsFi
D:5 Pikel


Innate Abilities, Weirdness & Mutations

You do not eat or drink.
You are immune to poison.
Your flesh is cold resistant. (rC+)
Your body sometimes deteriorates upon taking damage.
You are immune to negative energy. (rN+++)
You regenerate a little health from kills.
You are immune to unholy pain and torment.
You can survive without breathing.
When hurt, damage is shared between your health and your magic reserves.
Your movements are slightly less encumbered by armour. (ER -2)
Casting spells heals you.


Message History

Confirm with . or Enter, or press ? or * to list all spells.
Aiming: Vampiric Draining (safe; 26% risk of failure)
Press: ? - help, Shift-Dir - straight line, f/p - ogre
Aim: an ogre, wielding a +0 giant spiked club (heavily wounded)
The ogre is severely wounded.
You feel life coursing into your body.
The ogre hits you with a +0 giant spiked club!!
Ouch! That really hurt!
* * * LOW HITPOINT WARNING * * *
Your body deteriorates!
You feel clumsy.
Casting: Vampiric Draining (safe; 26% risk of failure)
Confirm with . or Enter, or press ? or * to list all spells.
You don't have enough magic to cast that spell.
Evoke which item? (* to show all) (? for menu, Esc to quit)
Aiming: Polymorph
Press: ? - help, Shift-Dir - straight line, f/p - ogre
Aim: an ogre, wielding a +0 giant spiked club (severely wounded, chance to defeat MR: 49%)
The ogre resists with some effort.
The ogre hits you with a +0 giant spiked club!
You die...

#####* ###### #....* #....#
****** #....* #....#
****,,,,***#....############....#
,,,,,,,,+,,+....@O..............'
****,,,,***#...o##..............#
*,,,,* #..oo*#..........#####
*,,,,* #.o.o*#..........# ******
#%...*#..........# #########
#$!..*#######'#### ........#
#....* ######'###### ........#
#....* #...........#
........######*** #...........#


You could see an ogre and 5 orcs.

Vanquished Creatures
  A centaur (D:5)
  2 scorpions
  2 orc wizards (D:5)
  A worker ant (D:4)
  A hound skeleton (D:4)
  A gnoll (D:3)
  An adder (D:4)
  An adder skeleton (D:4)
  A worm (D:3)
  2 dart slugs
  6 leopard geckos
  3 orcs
  3 giant cockroaches
  8 hobgoblins
  6 jackals
  8 kobolds
  A quokka (D:2)
  7 bats
  3 frilled lizards (D:1)
  4 goblins
  2 goblin zombies (D:4)
  7 rats
71 creatures vanquished.

Vanquished Creatures (collateral kills)
  A hound zombie (D:4)
  An adder (D:4)
  An ooze (D:1)
  A worm (D:3)
  A dart slug (D:2)
  A giant cockroach (D:2)
  A goblin (D:2)
  A hobgoblin (D:1)
  A ball python (D:2)
  3 frilled lizards
  A kobold (D:1)
13 creatures vanquished.

Grand Total: 84 creatures vanquished

Notes
Turn   | Place    | Note
-------+----------+-------------------------------------------
     0 | D:1      | Mehrunes the Skeleton Necromancer began the quest for the
                  | Orb.
     0 | D:1      | Reached XP level 1. HP: 10/10 MP: 4/4
    73 | D:1      | Reached XP level 2. HP: 14/15 MP: 1/6
   332 | D:1      | Reached skill level 5 in Necromancy
   933 | D:1      | Reached XP level 3. HP: 19/19 MP: 3/7
  1530 | D:1      | Learned a level 3 spell: Vampiric Draining
  1784 | D:2      | Reached skill level 6 in Necromancy
  1938 | D:2      | Reached XP level 4. HP: 24/24 MP: 8/8
  2198 | D:3      | Found a runed translucent door.
  2198 | D:3      | Noticed yrara's ghost (amateur DsFi)
  2595 | D:3      | Reached skill level 7 in Necromancy
  2595 | D:3      | Reached XP level 5. HP: 28/28 MP: 9/9
  2810 | D:4      | Learned a level 5 spell: Dispel Undead
  2833 | D:4      | Found a sand-covered staircase.
  2855 | Ossuary  | Entered an ossuary
  3029 | D:4      | Noticed an ogre
  3226 | D:4      | Reached skill level 8 in Necromancy
  3226 | D:4      | Gained mutation: You regenerate a little health from kills.
                  | [Skeleton growth]
  3226 | D:4      | Reached XP level 6. HP: 29/32 MP: 10/10
  3582 | D:5      | Entered Level 5 of the Dungeon
  3715 | D:5      | Reached skill level 1 in Axes
  3814 | D:5      | Noticed a slave
  3815 | D:5      | Noticed a slave
  3815 | D:5      | Noticed Pikel
  3816 | D:5      | Noticed a slave
  3956 | D:4      | Slain by an ogre

Skill      XL: |  1  2  3  4  5  6 |
---------------+-------------------+-----
Necromancy     | 5 6 7 8 |  8.3
Axes           | 2 |  2.1
Armour         | |  0.5
Dodging        | |  2.0
Stealth        | |  2.4
Spellcasting   | |  3.0

Action                   |  1- 3 |  4- 6 || total
-------------------------+-------+-------++-------
Melee: Dagger            |    24 |    25 ||    49
       War axe           |       |    33 ||    33
 Cast: Necrotize         |    79 |    35 ||   114
       Vampiric Draining |       |    12 ||    12
       Dispel Undead     |       |     1 ||     1
Evoke: Wand              |       |     1 ||     1
  Use: Scroll            |     5 |     3 ||     8
 Stab: Sleeping          |     1 |     3 ||     4
Armor: Scale mail        |    14 |       ||    14
       Robe              |     2 |    10 ||    12
       Chain mail        |       |    11 ||    11
Dodge: Dodged            |    32 |    46 ||    78
